 Dungeon Crawl Stone Soup version 0.28-a0-631-g0446da8ef9 (webtiles) character file.

Game seed: 4213125397325297962

286 Demosthentine the Poker (level 6, 0/41 (48) HPs)
             Began as a Merfolk Gladiator on Oct 10, 2021.
             Was an Initiate of Elyvilon.
             Slain by a wight (12 damage)
             ... on level 3 of the Dungeon.
             The game lasted 00:02:49 (2704 turns).

Demosthentine the Poker (Merfolk Gladiator)         Turns: 2704, Time: 00:02:50

HP:   0/41 (48)     AC:  7    Str: 16    XL:     6   Next: 30%
MP:   6/6           EV: 14    Int:  7    God:    Elyvilon [......]
Gold: 167           SH:  0    Dex: 16    Spells: 5/5 levels left

rFire   . . .      SeeInvis .   a - +1 trident
rCold   . . .      Faith    .   (no shield)
rNeg    . . .      Spirit   .   b - +0 leather armour
rPois   .          Reflect  .   c - +0 helmet
rElec   .          Harm     .   (no cloak)
rCorr   .          Rampage  .   h - +0 pair of gloves
Will    .....                   g - +1 pair of boots
Stlth   +.........              (no amulet)
HPRegen 1.13/turn               (no ring)
MPRegen 0.10/turn               (no ring)

@: heavily drained
A: (nimble swimmer 2), mertail, regeneration 1
a: Renounce Religion


You were on level 3 of the Dungeon.
You worshipped Elyvilon.
Elyvilon was noncommittal.
You visited 1 branch of the dungeon, and saw 4 of its levels.

You collected 167 gold pieces.

Inventory:

Hand Weapons
 a - a +1 trident (weapon)
Missiles
 d - 2 throwing nets (quivered)
Armour
 b - a +0 leather armour (worn)
 c - a +0 helmet (worn)
 g - a +1 pair of boots (worn)
 h - a +0 pair of gloves (worn)
Scrolls
 e - a scroll of fog
 f - 3 scrolls of identify
 i - a scroll of teleportation
Potions
 j - 2 potions of curing {unknown}


   Skills:
 + Level 4.0 Fighting
 + Level 6.2 Polearms
 - Level 2.0 Throwing
 + Level 2.0 Armour
 + Level 5.6 Dodging


You had 5 spell levels left.
You didn't know any spells.
Your spell library contained the following spells:

 Spells                   Type           Power      Damage    Failure   Level
 Freeze                   Ice            0%         1d3       50%         1
 Corpse Rot               Necr/Air       N/A        N/A       65%         2
 Poisonous Vapours        Pois/Air       0%         N/A       65%         2
 Frozen Ramparts          Ice            0%         1d2       86%         3
 Gell's Gravitas          Tloc           0%         N/A       86%         3
 Lesser Beckoning         Tloc           0%         N/A       86%         3
 Portal Projectile        Hex/Tloc       0%         N/A       86%         3
 Teleport Other           Tloc           0%         N/A       86%         3
 Tukima's Dance           Hex            0%         N/A       86%         3
 Hailstorm                Conj/Ice       0%         3d3       99%         4
 Passage of Golubria      Tloc           N/A        N/A       99%         4
 Blade Hands              Tmut           0%         N/A       100%        5
 Excruciating Wounds      Necr           0%         N/A       100%        5
 Yara's Violent Unravell  Hex/Tmut       0%         3d3       100%        5


Dungeon Overview and Level Annotations

Branches:
Dungeon (4/15)
 Temple: D:4-7

Altars:
Elyvilon

Shops:
D:1 [


Innate Abilities, Weirdness & Mutations

((You are quick and stealthy near water. (Stealth+, EV+, Speed+++)))
Your lower body shifts to a powerful aquatic tail in water.
Your natural rate of healing is unusually fast.


Message History

You destroy the wight!
Your Fighting skill increases to level 4!
Your Armour skill increases to level 2!
Items here: )) [[.
There is a stone staircase leading down here.
You climb downwards.
The wight misses you.
There is a stone staircase leading up, spattered with blood here.
You closely miss the wight. The wight hits you with a +3 flail!
You feel drained.
You barely miss the wight. The wight misses you.
You closely miss the wight. The wight barely misses you.
You hit the wight.
The wight is moderately damaged.
The wight hits you with a +3 flail.
You feel drained. The wight hits you but does no damage.
You climb upwards.
There is a stone staircase leading down here.
You hit the wight but do no damage.
The wight is moderately damaged.
The wight completely misses you.
You barely miss the wight.
The wight is moderately damaged.
The wight hits you with a +3 flail.
You feel drained.
You hit the wight.
The wight is severely damaged.
The wight hits you with a +3 flail.
You feel drained.
You closely miss the wight.
The wight is severely damaged.
The wight closely misses you.
You hit the wight but do no damage.
The wight is severely damaged.
The wight hits you with a +3 flail!
You hit the wight.
The wight is severely damaged.
The wight hits you with a +3 flail!
* * * LOW HITPOINT WARNING * * *
You barely miss the wight.
The wight is severely damaged.
The wight hits you with a +3 flail!
You die...

## ######## #.
#......#########.
##.##.............
#.....#.#########.
#..####.# #######.
#z.####.###.......
#@..........#####.
#..####.##### #.
#..####.# ##.
#.......# #..
#..###### #.# #..#
#.. ##..## ###
#....# # ##...# #


You could see a wight.

Vanquished Creatures
  A black bear (D:2)
  2 wights (D:3)
  An orc wizard (D:3)
  2 adders
  A white imp (D:4)
  3 worms (D:2)
  3 dart slugs
  3 orcs (D:3)
  4 ball pythons
  3 bats
  2 endoplasms (D:2)
  A giant cockroach (D:2)
  6 hobgoblins
  4 kobolds
  2 quokkas
  3 frilled lizards
  2 goblins (D:1)
  10 rats
53 creatures vanquished.

Notes
Turn   | Place    | Note
-------+----------+-------------------------------------------
     0 | D:1      | Demosthentine the Merfolk Gladiator began the quest for the
                  | Orb.
     0 | D:1      | Reached XP level 1. HP: 16/16 MP: 1/1
     8 | D:1      | Noticed a demonspawn zombie
    16 | D:1      | Noticed a merfolk zombie
    45 | D:1      | Found a faded altar of an unknown god.
    82 | D:1      | Found Arokhewk's Antique Armour Shop.
   318 | D:1      | Reached XP level 2. HP: 21/23 MP: 2/2
   838 | D:2      | Noticed a black bear
   892 | D:2      | Reached XP level 3. HP: 17/28 MP: 3/3
   892 | D:2      | Gained mutation: Your natural rate of healing is unusually
                  | fast. [potion of mutation]
   905 | D:2      | Killed a black bear
   906 | D:2      | Reached skill level 5 in Polearms
   906 | D:2      | Reached skill level 1 in Armour
   906 | D:2      | Reached skill level 5 in Dodging
   906 | D:2      | Reached XP level 4. HP: 35/35 MP: 4/4
   931 | D:2      | Reached XP level 5. HP: 41/41 MP: 5/5
  2148 | D:3      | Found a white marble altar of Elyvilon.
  2251 | D:3      | Became a worshipper of Elyvilon the Healer
  2660 | D:3      | Reached skill level 6 in Polearms
  2660 | D:3      | Reached XP level 6. HP: 46/48 MP: 6/6
  2704 | D:3      | Slain by a wight

Illustrated notes

Levels and vault maps discovered:
D:1:      shiori_arrival_whats_in_store_for_you, layout_basic,
          basic_ecumenical_altar, serial_shops, shop
D:2:      layout_basic
D:3:      layout_loops_ring, lemuel_coloured_pillars_altar
D:4:      layout_cave_pools

Skill      XL: |  1  2  3  4  5  6 |
---------------+-------------------+-----
Fighting       | 3 4 |  4.0
Polearms       | 5 6 |  6.2
Armour         | 1 2 |  2.0
Dodging        | 5 |  5.6
Throwing       | |  2.0

Action                   |  1- 3 |  4- 6 || total
-------------------------+-------+-------++-------
Melee: Trident           |    61 |   157 ||   218
Throw: Throwing net      |     3 |       ||     3
  Use: Scroll            |     1 |     6 ||     7
       Potion            |     1 |       ||     1
 Stab: Sleeping          |     2 |     2 ||     4
       Held in net/web   |     4 |       ||     4
Armor: Leather armour    |     7 |    26 ||    33
Dodge: Dodged            |    15 |    64 ||    79

Table legend: (Time is in decaauts)
 A = Elapsed time spent in this place.
 B = Non-inter-level travel time spent in this place.
 C = Inter-level travel time spent in this place.
 D = Time resting spent in this place.
 E = Time spent auto-exploring this place.
 F = Levels seen in this place.
 G = Mean time per level.
                   A        B        C        D        E       F      G
               +--------+--------+--------+--------+--------+-----+--------+
         Total |   2711 |   2608 |    103 |      0 |   2027 |   4 |  677.8 |
       Dungeon |   2711 |   2608 |    103 |      0 |   2027 |   4 |  677.8 |
               +--------+--------+--------+--------+--------+-----+--------+

Top non-repeatable levels by time:
     D:3: 951 daAuts
     D:1: 874 daAuts
     D:2: 806 daAuts
     D:4: 79 daAuts
